AoeStats
← ZZZenzLA

Arena

508671614Analyzed
3v3 RM · 10d ago on Sep 23, 2026· 21m 54s· 6 players
Game mode
Random Map
Map size
Normal (6 player)
Population
200
Speed
Normal
Resources
Standard
Victory
Conquest
Starting age
Dark Age
Ending age
Imperial Age
RankedLock teamsTeams togetherTeam positionsShared explorationLock speedFull tech treeHidden civsTurbo modeCheats
Victory
Defeat
🇨🇴 Chinese · Colombia
1174
+15
🇬🇷 Cumans · Greece
1104
+18
🇬🇷 Persians · Greece
1103
+18
🇩🇿 Hindustanis · Algeria
1147
-17
🇩🇿 Turks · Algeria
1147
-17
🇩🇿 Burgundians · Algeria
1147
-17
ZZZenzLA
11:50 Feudal Age
13:11 Double-Bit Axe
15:55 Castle Age
20:08 Imperial Age
zeides
11:19 Feudal Age
12:45 Wheelbarrow
11:58 Double-Bit Axe
12:17 Horse Collar
16:57 Castle Age
17:23 Stone Mining
17:53 Hand Cart
17:51 Bow Saw
21:28 Heavy Plow
psyko
4:17 Loom
8:37 Double-Bit Axe
11:40 Feudal Age
16:14 Castle Age
14:24 Horse Collar
14:58 Bow Saw
15:24 Gold Mining
16:15 Cavalier
16:56 Husbandry
aLaNi
4:37 Loom
10:07 Feudal Age
14:57 Castle Age
14:09 Double-Bit Axe
14:06 Horse Collar
Painos
0:54 Loom
10:32 Feudal Age
12:23 Double-Bit Axe
adrian_mg123
0:37 Loom
10:30 Feudal Age
16:00 Castle Age
14:20 Double-Bit Axe
14:16 Horse Collar
16:50 Fletching
17:25 Bow Saw
20:13 Padded Archer Armor
21:01 Bodkin Arrow
Connection lost

Rejoining the realm…

Still unreachable

The connection could not be restored.

Session expired

The server has moved on; the page needs a fresh start.